 Seeded DCSS version 0.29-a0-878-g7b45a56547 (webtiles) character file.

Game seed: 7968154553560935481 (custom seed)

2819 Kazon the Trooper (level 9, -1/93 HPs)
             Began as an Ogre Berserker on July 19, 2022.
             Was an Elder of Trog.
             Slain by an orc knight
             ... wielding a +0 halberd
              (20 damage)
             ... in a bailey.
             The game lasted 00:28:55 (5474 turns).

Kazon the Trooper (Ogre Berserker)                  Turns: 5474, Time: 00:28:56

Health: -1/93      AC:  5    Str: 26    XL:     9   Next: 72%
Magic:  9/9        EV: 11    Int: 11    God:    Trog [****..]
Gold:   109        SH:  0    Dex: 10    Spells: 8/8 levels left

rFire   . . .      SeeInvis .   a - +10 giant spiked club (freeze)
rCold   + . .      Faith    .   (shield currently unavailable)
rNeg    . . .      Spirit   .   p - +0 robe {rC+}
rPois   .          Reflect  .   b - +2 hat
rElec   .          Harm     .   (no cloak)
rCorr   .          Rampage  .   (gloves unavailable)
Will    .....                   (boots unavailable)
Stlth   ++........              m - amulet of regeneration
HPRegen 1.05/turn               (no ring)
MPRegen 0.11/turn               (no ring)

@: no status effects
A: large, unfitting armour, tough skin 1, clever 1, strong 1, sturdy frame 1
a: Renounce Religion, Berserk, Trog's Hand, Brothers in Arms


You were in a bailey.
You worshipped Trog.
Trog was greatly pleased with you.
You visited 1 branch of the dungeon, and saw 7 of its levels.
You also visited: Bailey.

You collected 326 gold pieces.
You spent 217 gold pieces at shops.

Inventory:

Hand Weapons
 a - a +10 giant spiked club of freezing (weapon)
 n - a +0 giant spiked club
 v - a +1 broad axe of venom
 w - a +2 sling of flaming
Missiles
 c - 5 stones (quivered)
 u - a curare-tipped dart
 y - 3 poisoned darts
 B - 2 silver javelins
Armour
 b - a +2 hat (worn)
 p - a +0 robe of cold resistance (worn)
Jewellery
 m - an amulet of regeneration (around neck)
Wands
 f - a wand of paralysis (1)
 j - a wand of iceblast (9)
Scrolls
 d - 4 scrolls of teleportation {unknown}
 i - a scroll of identify
 k - a scroll of poison {unknown}
 l - a scroll of magic mapping {unknown}
 o - 4 scrolls of amnesia {unknown}
 q - a scroll of enchant weapon {unknown}
 r - a scroll of torment {unknown}
 s - a scroll of acquirement {unknown}
 t - a scroll of noise {unknown}
 x - a scroll of vulnerability {unknown}
Potions
 e - 5 potions of curing
 g - a potion of resistance
 h - 2 potions of haste
 z - a potion of invisibility
 A - a potion of might


   Skills:
 + Level 7.5 Fighting
 + Level 2.0(5.5) Axes
 + Level 7.4(7.5) Maces & Flails
 + Level 1.0 Ranged Weapons
 * Level 4.7 Throwing
 + Level 4.7 Dodging
 + Level 1.4 Stealth
 * Level 4.6 Evocations


You had 8 spell levels left.
You didn't know any spells.
Your spell library was empty.

Dungeon Overview and Level Annotations

Branches:
Dungeon (7/15)             Temple (0/1) D:5          Bailey (1/1)

Altars:
Qazlal
Xom

Shops:
D:1 (![


Innate Abilities, Weirdness & Mutations

You are too large for most types of armour.
You have tough skin. (AC +1)
Your mind is acute. (Int +4, Str/Dex -1)
Your muscles are strong. (Str +4, Int/Dex -1)
Your movements are slightly less encumbered by armour. (ER -2)


Message History

You throw a stone.
The stone hits the orc warrior but does no damage.
The orc warrior is almost dead.
Throw: 6 stones
Press: ? - help, Q - select action, (/) - cycle Shift-Dir - straight line, f/p - orc warrior
Aim: an orc warrior, wielding a +0 spear and wearing a +0 scale mail (almost dead, strong, 55% to hit)
You throw a stone. The stone hits the orc warrior!
You kill the orc warrior!
Trog accepts your kill.
Unknown command.
Things that are here:
a +0 spear; a +3 chain mail You hit the orc warrior.
You freeze the orc warrior.
The orc warrior is lightly wounded.
The orc warrior closely misses you.
You barely miss the orc warrior.
The orc warrior is lightly wounded.
The orc warrior hits you with a +0 glaive.
You bludgeon the orc warrior!! You freeze the orc warrior!
You kill the orc warrior!
Trog accepts your kill.
Things that are here:
a +0 glaive; a +0 chain mail
There is an open door, spattered with blood here.
The orc knight barely misses you.
Things that are here:
a +0 halberd; a +0 scale mail; an orc corpse The orc knight hits you with a +0 halberd!!
You hit the orc knight. You freeze the orc knight.
The orc knight is lightly wounded.
The orc knight hits you with a +0 halberd!
You hit the orc knight but do no damage.
The orc knight is lightly wounded.
The orc knight hits you with a +0 halberd!!
The orc knight hits you with a +0 halberd!
* * * LOW HITPOINT WARNING * * *
You impale the orc knight!! You freeze the orc knight!
The orc knight is severely wounded.
The orc knight hits you with a +0 halberd!!
You die...

.....≈≈.)## ≈ ......#
≈≈≈≈≈≈))## ≈ ≈≈≈≈.# .......##
. ...≈.# ######## ##+####
######.≈.# .$$$.# ...§§§..##
....##.≈.# #.$.#
≈≈≈§§§≈..##.. ##..≈.# ##.##
§§.§§§≈≈..'# ##..≈≈.# .#+#
...⌠...≈≈..# #..≈≈.## .#
..⌠∩⌠..o@..# #..≈≈.∩# ##
≈...).≈≈..## ##..≈≈.# #
≈§≈≈≈≈§§§## ##..≈.#
.§.§..§)## ##.≈.#
###########+###'#########.≈.#
.)))...##.....##)....).)..≈.#
)≈)≈≈≈..##.∩.##).≈≈≈≈≈≈≈)≈≈.#
.....≈≈..## ##..≈≈..........#
####..≈≈..###..≈≈..##########


You could see an orc knight.

Vanquished Creatures
  Pikel (D:5)
  Grinder (D:5)
  Sigmund (D:2)
  An ice beast (D:5)
  6 orc warriors (Bailey)
  A black bear (D:5)
  2 sky beasts
  2 ogres
  A kobold brigand (D:5)
  2 bullfrogs (D:6)
  An electric eel (D:6)
  3 jellies (D:5)
  A gnoll bouda (D:6)
  An orc priest (D:4)
  3 hounds
  Ijyb (D:4)
  Jessica (D:2)
  2 iguanas
  Natasha (thrice) (D:2)
  Robin (D:3)
  7 gnolls
  3 adders
  3 white imps
  3 worms
  24 orcs
  3 bats
  4 endoplasms
  2 giant cockroaches
  14 goblins
  10 hobgoblins
  6 jackals (D:2)
  2 quokkas
  4 ball pythons
  3 frilled lizards (D:2)
  7 kobolds
  5 rats
135 creatures vanquished.

Notes
Turn   | Place    | Note
-------+----------+-------------------------------------------
     0 | D:1      | Kazon the Ogre Berserker began the quest for the Orb.
     0 | D:1      | Reached XP level 1. HP: 24/24 MP: 1/1
    54 | D:1      | Found Binoet's Distillery.
    78 | D:1      | Bought a potion of degeneration for 12 gold pieces
   235 | D:1      | Found Bogoojeo's Antique Weapon Boutique.
   258 | D:1      | Reached XP level 2. HP: 30/32 MP: 2/2
   263 | D:1      | Found a faded altar of an unknown god.
   729 | D:1      | Found Wodociga's Antique Armour Shoppe.
  1043 | D:2      | Reached XP level 3. HP: 31/40 MP: 3/3
  1093 | D:2      | Reached ** piety under Trog
  1262 | D:2      | Noticed Jessica
  1285 | D:2      | Killed Jessica
  1286 | D:2      | Reached skill level 1 in Throwing
  1286 | D:2      | Reached XP level 4. HP: 24/49 MP: 4/4
  1621 | D:2      | Noticed Natasha
  1627 | D:2      | Killed Natasha
  1745 | D:2      | Noticed Natasha
  1751 | D:2      | Killed Natasha
  1752 | D:2      | Reached skill level 5 in Fighting
  1752 | D:2      | Reached XP level 5. HP: 48/57 MP: 5/5
  1804 | D:1      | Bought a glowing giant spiked club for 98 gold pieces
  1864 | D:2      | Noticed Natasha
  1865 | D:2      | Killed Natasha
  1866 | D:2      | Reached skill level 1 in Evocations
  1874 | D:2      | Noticed Sigmund
  1883 | D:2      | Killed Sigmund
  1884 | D:2      | Reached XP level 6. HP: 59/66 MP: 6/6
  1977 | D:3      | Found a stormy altar of Qazlal.
  2002 | D:3      | Found a shimmering altar of Xom.
  2002 | D:3      | Found a shimmering altar of Xom.
  2002 | D:3      | Found a shimmering altar of Xom.
  2003 | D:3      | Found a shimmering altar of Xom.
  2003 | D:3      | Found a shimmering altar of Xom.
  2004 | D:3      | Found a shimmering altar of Xom.
  2214 | D:3      | Noticed Robin
  2239 | D:3      | Killed Robin
  2242 | D:3      | Reached *** piety under Trog
  2457 | D:4      | Reached XP level 7. HP: 72/72 MP: 7/7
  2876 | D:4      | Gained mutation: You occasionally lose the ability to drink
                  | potions when taking damage. [potion of mutation]
  2876 | D:4      | Gained mutation: You are partially covered in iridescent
                  | scales. (AC +2) [potion of mutation]
  2877 | D:4      | Lost mutation: You occasionally lose the ability to drink
                  | potions when taking damage. [potion of mutation]
  2877 | D:4      | Lost mutation: You are partially covered in iridescent
                  | scales. (AC +2) [potion of mutation]
  2877 | D:4      | Gained mutation: Your movements are slightly less
                  | encumbered by armour. (ER -2) [potion of mutation]
  2877 | D:4      | Gained mutation: Your mind is acute. (Int +4, Str/Dex -1)
                  | [potion of mutation]
  2877 | D:4      | Gained mutation: Your muscles are strong. (Str +4, Int/Dex
                  | -1) [potion of mutation]
  3009 | D:4      | Noticed Ijyb
  3018 | D:4      | Killed Ijyb
  3125 | D:5      | Entered Level 5 of the Dungeon
  3148 | D:5      | Found a staircase to the Ecumenical Temple.
  3249 | D:5      | Reached skill level 5 in Maces & Flails
  3327 | D:5      | Reached skill level 1 in Stealth
  3375 | D:5      | Reached XP level 8. HP: 16/83 MP: 8/8
  3466 | D:5      | Noticed Pikel
  3503 | D:5      | Killed Pikel
  3582 | D:5      | Noticed Grinder
  3596 | D:5      | Killed Grinder
  4049 | D:5      | Reached XP level 9. HP: 7/92 MP: 9/9
  4197 | D:5      | Reached skill level 1 in Axes
  4490 | D:1      | Bought a glowing robe for 107 gold pieces
  5240 | D:7      | Found a flagged portal.
  5251 | D:7      | Reached **** piety under Trog
  5277 | Bailey   | Entered a bailey
  5327 | Bailey   | Reached skill level 1 in Ranged Weapons
  5447 | Bailey   | Noticed an orc knight
  5474 | Bailey   | Slain by an orc knight

Illustrated notes

Levels and vault maps discovered:
D:1:      dpeg_arrival_rooms_c, layout_basic,
          chequers_ecumenical_altar_simple_redux, serial_shops, shop_fountains,
          shop, shop, chequers_arboretum
D:2:      layout_loops_ring, minmay_between, uniq_sigmund, uniq_jessica,
          uniq_natasha
D:3:      layout_rooms, nicolae_qazlal_scattered_showers, xom_redecorated,
          uniq_robin
D:4:      layout_loops_corners, minivault_4, uniq_ijyb
D:5:      layout_basic, minmay_temple_entry_glassed_door, uniq_grinder,
          uniq_pikel
D:6:      layout_basic, serial_bayou_pond_c, water_maze_lemuel
D:7:      layout_layer_cave, enter_bailey_2, uniq_duvessa
Bailey:   bailey_polearm_1, bailey

Skill      XL: |  1  2  3  4  5  6  7  8  9 |
---------------+----------------------------+-----
Maces & Flails | 3 4 5 6 7 |  7.4
Dodging        | 3 4 |  4.7
Throwing       | 1 2 3 4 |  4.7
Fighting       | 5 6 7 |  7.5
Evocations     | 1 2 3 4 |  4.6
Stealth        | 1 |  1.4
Axes           | 2 |  2.0
Ranged Weapons | 1 |  1.0

Action                   |  1- 3 |  4- 6 |  7- 9 || total
-------------------------+-------+-------+-------++-------
Melee: Mace              |    83 |    60 |       ||   143
       Punch             |     3 |       |       ||     3
       Giant spiked club |       |    50 |   113 ||   163
       Broad axe         |       |       |    39 ||    39
 Fire: Sling             |       |       |    15 ||    15
Throw: Stone             |    13 |    17 |    29 ||    59
Invok: Berserk           |       |       |     1 ||     1
Evoke: Wand              |       |       |     1 ||     1
  Use: Scroll            |       |       |     7 ||     7
       Potion            |       |       |     2 ||     2
 Stab: Distracted        |       |     1 |     1 ||     2
Armor: Animal skin       |    48 |    35 |    15 ||    98
       Robe              |       |       |    17 ||    17
Dodge: Dodged            |    76 |    67 |    94 ||   237

Table legend: (Time is in decaauts)
 A = Elapsed time spent in this place.
 B = Non-inter-level travel time spent in this place.
 C = Inter-level travel time spent in this place.
 D = Time resting spent in this place.
 E = Time spent auto-exploring this place.
 F = Levels seen in this place.
 G = Mean time per level.
                   A        B        C        D        E       F      G
               +--------+--------+--------+--------+--------+-----+--------+
         Total |   5614 |   5232 |    382 |     22 |   2444 |   8 |  701.8 |
       Dungeon |   5394 |   5012 |    382 |     22 |   2444 |   7 |  770.6 |
        Bailey |    219 |    219 |      0 |      0 |      0 |   1 |  219.0 |
               +--------+--------+--------+--------+--------+-----+--------+

Top non-repeatable levels by time:
     D:5: 1151 daAuts
     D:1: 1057 daAuts
     D:2: 1042 daAuts
     D:6: 844 daAuts
     D:4: 817 daAuts
     D:3: 429 daAuts
  Bailey: 219 daAuts
     D:7: 51 daAuts
